Map: Lost and Found LE

Players

Swatopluke - Winner!

  • Race: Terran Terran
  • League: Platinum
  • Spawn Location: 7:00

Dagon

  • Race: Terran Terran
  • Spawn Location: 1:00

VOD

Have the link to the VOD?

Description

Time

  • Played on: Nov. 14, 2018, 1:48 p.m.
  • Length: 21:33
Show
View Real Time Build Order
Export as new Build Order

Swatopluke Terran - Winner!

Build Orders:  

Get SALT Encoding   

  12  0:01  SCV  
  13  0:13  SCV  
  14  0:17  Supply Depot  
  14  0:25  SCV  
  15  0:38  SCV  
  15  0:39  Barracks  
  16  0:50  Barracks  
  16  0:54  SCV  
  17  1:10  Barracks, SCV  
  18  1:24  Barracks  
  18  1:27  Marine  
  19  1:38  Marine  
  20  1:44  Supply Depot  
  20  1:46  Marine  
  21  1:56  Marine  
  21  1:58  Marine  
  23  2:04  Refinery  
  23  2:06  SCV  
  23  2:07  Marine  
  25  2:10  Supply Depot  
  25  2:14  Marine x2  
  27  2:17  Marine  
  28  2:25  Marine  
  29  2:32  Marine x2  
  29  2:35  Marine  
  32  2:42  Supply Depot  
  32  2:43  Marine  
  33  2:49  Marine  
  33  2:50  Marine  
  35  2:53  Marine  
  36  3:01  Marine  
  35  3:12  Marine x3  
  35  3:18  Marine  
  36  3:30  Marine x3  
  39  3:36  Marine  
  40  3:47  Marine  
  40  3:48  Marine x2  
  41  3:54  Marine  
  35  4:05  Marine x2  
  35  4:06  Marine  
  38  4:12  Marine  
  36  4:23  Marine x3  
  35  4:40  Reaper  
  35  4:42  Reaper  
  35  4:43  Reaper  
  38  4:46  Reaper  
  37  5:08  SCV  
  37  5:09  Refinery  
  37  5:10  Command Center  
  37  5:12  Reaper  
  37  5:14  Marine  
  39  5:15  Marine  
  39  5:19  Reaper  
  42  5:32  Marine  
  42  5:33  Reaper  
  42  5:35  Supply Depot  
  44  5:44  Marine  
  44  5:49  Marine  
  45  5:50  Marine  
  46  6:02  Marine  
  45  6:31  Reaper x4  
  46  7:03  Reaper x3  
  48  7:27  Reaper  
  46  7:44  Marine, Reaper  
  47  7:52  SCV x2  
  47  7:58  Marine  
  49  7:59  Marine, Factory  
  49  8:02  Marine  
  49  8:04  SCV x2  
  45  8:27  Marine x4  
  50  8:34  SCV  
  50  8:35  Refinery  
  50  8:37  Orbital Command  
  50  8:43  Starport  
  50  8:45  Marine x4  
  50  8:47  Widow Mine  
  56  8:49  SCV  
  57  8:58  Refinery  
  57  9:01  SCV  
  58  9:03  Marine x4  
  61  9:21  Marine x3  
  61  9:22  Marine  
  64  9:25  Starport Tech Lab  
  64  9:29  Fusion Core  
  64  9:30  SCV x2  
  66  9:39  Marine  
  66  9:42  SCV x2  
  68  9:54  Marine, SCV  
  68  9:58  Supply Depot  
  70  10:01  Supply Depot  
  70  10:04  Supply Depot  
  70  10:17  Starport  
  70  10:18  Cloaking Field  
  70  10:20  Marine x4, Banshee  
  78  10:23  SCV  
  78  10:27  Supply Depot  
  78  10:28  Supply Depot  
  79  10:30  Orbital Command  
  68  10:54  Widow Mine  
  70  11:03  Banshee  
  73  11:10  Starport Tech Lab  
  73  11:14  Starport, Weapon Refit  
  73  11:15  Widow Mine  
  73  11:17  SCV  
  73  11:18  SCV  
  77  11:39  Banshee  
  80  11:45  Banshee  
  80  12:25  Battlecruiser  
  86  12:33  SCV x2  
  88  12:38  Command Center  
  88  12:45  SCV x2  
  96  12:51  Battlecruiser  
  96  12:54  Starport Tech Lab  
  96  13:00  Widow Mine  
  98  13:16  Battlecruiser  
  101  13:54  Battlecruiser  
  104  14:33  Battlecruiser  
  104  14:34  Battlecruiser  
  104  14:35  SCV  
  104  14:36  SCV  
  118  14:48  SCV x2, Refinery  
  118  14:49  Refinery  
  118  14:50  SCV  
  121  15:00  SCV x2  
  121  15:02  SCV  
  121  15:03  Battlecruiser  
  130  15:12  SCV x2  
  128  15:38  SCV x3  
  131  15:44  Battlecruiser  
  137  15:50  SCV  
  137  15:56  SCV x2  
  140  15:58  Battlecruiser  
  146  16:13  Battlecruiser  
  146  16:16  Command Center  
  152  16:29  Marine x4  
  131  16:46  Marine  
  131  16:47  Marine x3  
  125  16:56  Battlecruiser  
  125  17:02  Battlecruiser  
  125  17:04  Marine x2  
  125  17:05  Marine x2  
  123  17:22  Marine x4  
  115  17:40  Marine x4  
  108  17:58  Marine x4  
  112  18:12  Starport Tech Lab  
  112  18:15  Marine  
  112  18:19  Fusion Core  
  105  18:44  Viking x3  
  105  18:46  Marine x4  
  96  19:03  Marine  
  96  19:04  Marine x3  
  100  19:14  Viking x3  
  106  19:21  Marine  
  101  19:44  Battlecruiser  
  107  19:47  Battlecruiser  
  107  19:48  Marine x4  
  95  20:06  Marine x4  
  88  20:23  Marine  
  88  20:28  Marine x3  
  92  20:41  Marine  
  79  20:46  Marine x3  
  73  20:50  Viking x2  
  77  20:59  Marine  
  77  21:04  Marine x3  
Show
View Real Time Build Order
Export as new Build Order

Dagon Terran 

Build Orders:  

Get SALT Encoding   

  12  0:01  SCV  
  13  0:18  Supply Depot  
  13  0:20  SCV  
  14  0:26  Refinery  
  14  0:42  Barracks  
  14  0:48  SCV  
  15  1:00  SCV  
  16  1:09  Barracks  
  16  1:24  SCV  
  17  1:29  Marine  
  18  1:36  SCV  
  19  1:48  SCV  
  19  1:50  Marine  
  19  1:53  Barracks  
  21  1:56  Marine  
  22  2:09  Marine  
  22  2:10  Bunker  
  23  2:21  Supply Depot  
  23  2:33  Orbital Command  
  23  2:42  Marine x3  
  26  3:03  Marine x3, Supply Depot  
  29  3:20  Marine  
  29  3:21  Marine  
  29  3:24  Marine  
  32  3:32  Command Center  
  32  3:38  Marine x2  
  29  3:55  Marine  
  29  3:56  Marine  
  31  4:05  Barracks Tech Lab  
  31  4:09  Bunker  
  29  4:20  Marine x2  
  29  4:29  Marine  
  30  4:33  Stimpack  
  30  4:38  Marine  
  30  4:45  Factory, SCV  
  32  4:50  Marine  
  33  4:53  Barracks Reactor  
  33  4:56  Marine  
  33  4:57  SCV  
  34  5:09  SCV  
  34  5:12  Orbital Command  
  34  5:13  Marine x2  
  37  5:22  SCV  
  38  5:34  SCV  
  39  5:45  Engineering Bay, Factory Tech Lab  
  39  5:46  SCV  
  39  5:47  SCV  
  38  5:58  SCV  
  38  5:59  SCV  
  37  6:10  SCV  
  38  6:12  SCV  
  38  6:39  Marine x4  
  36  6:57  SCV  
  36  7:03  Terran Infantry Weapons Level 1  
  36  7:04  Marine  
  36  7:05  Marine  
  38  7:09  SCV  
  39  7:24  Marine x3  
  39  7:25  Siege Tank  
  43  7:43  Marine x4  
  47  7:53  Starport  
  47  7:59  SCV  
  48  8:07  SCV  
  48  8:08  Refinery  
  48  8:09  Refinery  
  48  8:11  SCV  
  50  8:19  SCV  
  46  8:23  SCV  
  47  8:27  Sensor Tower  
  47  8:31  SCV  
  48  8:35  SCV  
  49  8:52  Starport Reactor  
  49  9:04  Marine x2, Bunker  
  50  9:22  Marine  
  51  9:28  Siege Tank  
  54  9:36  Medivac x2, Supply Depot  
  58  9:39  Supply Depot  
  58  9:40  Marine x2  
  58  9:41  Marine, Supply Depot  
  61  9:49  Barracks Tech Lab  
  61  9:58  Marine x3  
  64  10:14  Marine  
  64  10:16  Marine x3  
  64  10:19  Siege Tank  
  71  10:26  Command Center  
  71  10:32  Marine  
  71  10:34  Marine x3  
  55  10:49  Marine  
  48  10:51  Marine, Siege Tank  
  53  11:00  Viking x2  
  57  11:19  Factory  
  57  11:21  Factory  
  57  11:25  Factory  
  57  11:29  Siege Tank  
  57  11:31  Supply Depot x2  
  60  11:42  Missile Turret  
  60  11:50  Missile Turret  
  60  11:54  Missile Turret  
  60  11:55  Missile Turret  
  60  11:56  Supply Depot  
  60  11:57  Ghost Academy  
  60  11:58  Supply Depot  
  60  11:59  Ghost Academy, Missile Turret  
  57  12:19  SCV  
  58  12:31  SCV  
  59  12:43  SCV  
  60  12:49  SCV  
  61  12:55  SCV  
  62  13:01  SCV x2  
  64  13:06  Viking x2  
  64  13:07  SCV  
  64  13:09  Factory Reactor x2  
  69  13:13  SCV x2  
  69  13:16  Marine x2  
  69  13:17  Marine  
  69  13:19  SCV  
  76  13:23  Nuke, Personal Cloaking  
  76  13:25  SCV x2  
  78  13:27  Ghost  
  78  13:31  SCV  
  78  13:37  SCV x2  
  78  13:48  Viking x2  
  82  14:12  Ghost  
  84  14:38  Factory Tech Lab  
  84  14:41  Ghost  
  84  14:42  Refinery  
  86  14:56  Viking  
  88  15:05  SCV  
  89  15:09  SCV  
  89  15:12  Refinery x2  
  90  15:21  SCV  
  90  15:24  Starport  
  91  15:30  Medivac  
  91  15:31  Viking  
  91  15:34  SCV  
  77  17:11  Widow Mine x4  
  47  17:54  Widow Mine x5  
  55  18:05  Marine x4  
  57  18:15  Widow Mine x2  
  61  18:22  Marine  
  61  18:23  Marine  
  61  18:30  Starport Reactor x2  
  61  18:45  Widow Mine x4  
  69  18:48  Factory Reactor  
  69  18:53  Marine  
  69  18:54  Marine x3  
  71  19:06  Widow Mine x2  
  71  19:07  Widow Mine x2  
  79  19:11  Marine  
  79  19:12  Marine x3  
  83  19:17  Viking x4  
  90  19:29  Marine x3  
  90  19:30  Marine  
  65  19:47  Marine, Viking x4  
  32  20:35  Medivac  
Tags
 
League
Platinum
Matchup
TvT
Race
Terran
Replay Pack
Swatopluke
Spawn Locations
Cross Positions
Add a new tag
Caveats
  • Supply blocks, unpowered buildings, or Contaminate may cause inaccurate times.
  • Supply counts are checked every 10 seconds.